 Dungeon Crawl Stone Soup version 0.30-a0-626-gd6a5dd7a1f (webtiles) character file.

Game seed: 9988517679786800395

3352 KennySheep the Destroyer (level 9, -1/68 HPs)
             Began as a Demigod Conjurer on Jan 12, 2023.
             Killed from afar by Erica (28 damage)
             ... with a bolt of poison
             ... on level 8 of the Dungeon.
             The game lasted 00:23:38 (8590 turns).

KennySheep the Destroyer (Demigod Conjurer)         Turns: 8590, Time: 00:23:39

Health: -1/68      AC:  6    Str: 22    XL:     9   Next: 45%
Magic:  4/19       EV: 13    Int: 24    God:
Gold:   264        SH:  0    Dex: 12    Spells: 4/17 levels left

rFire   . . .      SeeInvis .      - Unarmed
rCold   . . .      Faith    .    (no shield)
rNeg    . . .      Spirit   .    f - +0 steam dragon scales
rPois   .          Reflect  .    m - +0 helmet
rElec   .          Harm     .    (no cloak)
rCorr   .          Rampage  .    (no gloves)
Will    .....                    (no boots)
Stlth   ++                       w - amulet of magic regeneration
HPRegen 0.31/turn                o - +6 ring of strength
MPRegen 0.56/turn                (no ring)

@: lethally poisoned (-1 -> -25)
A: high MP 1, forlorn, divine attributes
a: no special abilities


You were on level 8 of the Dungeon.
You visited 1 branch of the dungeon, and saw 8 of its levels.

You collected 339 gold pieces.
You spent 75 gold pieces at shops.

Inventory:

Hand Weapons
 h - a +0 dagger
 n - a +2 dagger of electrocution
 r - a +0 dagger of venom
Missiles
 z - 2 throwing nets
Armour
 a - a +0 robe
 f - +0 steam dragon scales (worn)
 m - a +0 helmet (worn)
Jewellery
 o - a +6 ring of strength (left hand)
 w - an amulet of magic regeneration (around neck)
 y - a ring of wizardry
 H - a +6 ring of intelligence
Wands
 d - a wand of flame (37)
 i - a wand of paralysis (23)
 v - a wand of polymorph (17)
 D - a wand of mindburst (11)
 G - a wand of quicksilver (4)
Scrolls
 e - 3 scrolls of poison
 g - 2 scrolls of enchant weapon {unknown}
 j - 3 scrolls of amnesia
 k - 5 scrolls of noise
 l - 2 scrolls of vulnerability
 p - a scroll of immolation
 q - 2 scrolls of teleportation
 s - 2 scrolls of magic mapping
 u - a scroll of butterflies
 x - a scroll of torment {unknown}
 B - 2 scrolls of identify
 C - a scroll of fog {unknown}
Potions
 b - a potion of magic
 c - 2 potions of curing
 t - 3 potions of degeneration
 A - 2 potions of mutation {unknown}
 E - 2 potions of flight {unknown}
 F - a potion of cancellation {unknown}
 I - 2 potions of might


   Skills:
 + Level 2.9 Fighting
 + Level 3.7 Dodging
 - Level 1.7 Stealth
 * Level 3.4 Unarmed Combat
 + Level 4.8 Spellcasting
 - Level 8.0 Conjurations
 * Level 7.0 Translocations


You had 4 spell levels left.
You knew the following spells:

 Your Spells              Type           Power      Damage    Failure   Level
a - Magic Dart            Conj           100%       1d8       1%          1
b - Searing Ray           Conj           88%        2d7       1%          2
c - Iskenderun's Mystic   Conj/Tloc      41%        2d9       4%          4
d - Blink                 Tloc           78%        N/A       1%          2
e - Manifold Assault      Tloc           39%        N/A       4%          4

Your spell library contained the following spells:

 Spells                   Type           Power      Damage    Failure   Level
 Dazzling Flash           Conj/Hex       50%        N/A       5%          3
 Fulminant Prism          Conj/Hex       12%        3d8       17%         4
 Inner Flame              Hex/Fire       5%         N/A       26%         3
 Cause Fear               Hex            2%         N/A       65%         4
 Conjure Ball Lightning   Conj/Air       12%        3x3d6     95%         6
 Storm Form               Tmut/Air       2%         N/A       100%        7
 Discord                  Hex            2%         N/A       100%        8
 Disjunction              Tloc           19%        N/A       100%        8


Dungeon Overview and Level Annotations

Branches:
Dungeon (8/15)             Temple (0/1) D:6
   Lair: D:8-11

Shops:
D:6 *

Portals:
Abyss: D:5

Annotations:
D:4 4 runed translucent doors, Crazy Yiuf; sirJeffrey23's ghost, amateur OgMo
D:5 2 transporters, testman's ghost, novice GnRe
D:8 Erica


Innate Abilities, Weirdness & Mutations

You have an increased reservoir of magic. (+10% MP)
You shall have no god before yourself.
Your divine heritage dramatically boosts your attributes as you level up.


Message History

You're too confused to move!
Erica barely misses you.
You're too confused to move!
Erica hits you with a +1 scimitar of flaming.
Erica burns you.
You bump into the rock wall.
You feel less confused. Erica closely misses you.
Casting: Iskenderun's Mystic Blast (dangerous; 4% risk of failure)
Confirm with . or Enter, or press ? or * to list all spells.
You erupt in a blast of force!
The mystic blast hits Erica!!
Erica is heavily wounded.
Erica is knocked back by the mystic blast.
Casting: Iskenderun's Mystic Blast (dangerous; 4% risk of failure)
Confirm with . or Enter, or press ? or * to list all spells.
You erupt in a blast of force!
The mystic blast hits Erica!
Erica is severely wounded.
Erica is knocked back by the mystic blast.
Casting: Iskenderun's Mystic Blast (dangerous; 4% risk of failure)
Confirm with . or Enter, or press ? or * to list all spells.
You erupt in a blast of force!
The mystic blast hits Erica.
Erica is severely wounded.
Erica is knocked back by the mystic blast.
Casting: Iskenderun's Mystic Blast (dangerous; 4% risk of failure)
Confirm with . or Enter, or press ? or * to list all spells.
You erupt in a blast of force!
The mystic blast hits Erica!
Erica is severely wounded.
Erica is knocked back by the mystic blast.
Erica gestures at you while chanting. The bolt of poison hits you!!
You are poisoned.
You feel very sick.
Erica gestures wildly while chanting.
Erica flickers and vanishes!
Deactivating autopickup; reactivate with Ctrl-A.
You feel very sick.
You hear some strange, mumbled words.
A bolt of poison appears from out of thin air!
The bolt of poison hits you!!
You are more poisoned.
You die...

. #......######.##.. ..
#.#.##............
..############.#..########.#..#
............{............#..#
#.........#.####..#######..# #
#...).....#.# ##.....# #..#
###.##.........#.#####..##.# #..#
.........)))...#.#.........# #..#
###.##.......~.#@#.######..###..#
# #..<..@.~.#.#.# ##......#
#.........#.#.##########..##
..............#........>..รท.##
####.........##############)...
...........# #)...
##.######################.... #.
#............))... ##
#....#########...~


There were no monsters in sight!

Vanquished Creatures
  A two-headed ogre (D:8)
  Maggie (D:6)
  Edmund (D:5)
  A water moccasin (D:8)
  Pargi (D:4)
  A black bear (D:7)
  2 sky beasts
  3 ogres
  A centaur (D:7)
  A bullfrog (D:8)
  A gnoll sergeant (D:6)
  A scorpion (D:5)
  A necrophage (D:5)
  4 killer bees (D:8)
  An electric eel (D:7)
  3 howler monkeys (D:8)
  5 hounds
  2 jellies
  2 orc priests (D:8)
  A gnoll bouda (D:5)
  Ijyb (D:4)
  2 iguanas
  7 orc wizards
  Robin (D:2)
  17 gnolls
  6 adders
  A shadow imp (D:5)
  A white imp (D:7)
  2 worms
  13 dart slugs
  29 orcs
  6 bats
  10 endoplasms
  2 giant cockroaches
  15 goblins
  15 hobgoblins
  4 jackals (D:1)
  6 quokkas
  14 ball pythons
  3 frilled lizards
  9 kobolds
  6 rats
204 creatures vanquished.

Notes
Turn   | Place    | Note
-------+----------+-------------------------------------------
     0 | D:1      | KennySheep the Demigod Conjurer began the quest for the
                  | Orb.
     0 | D:1      | Reached XP level 1. HP: 14/14 MP: 5/5
   332 | D:1      | Reached XP level 2. HP: 20/20 MP: 4/7
   368 | D:1      | Reached skill level 1 in Translocations
   622 | D:1      | Reached skill level 4 in Conjurations
   722 | D:1      | Reached XP level 3. HP: 24/26 MP: 1/8
   797 | D:1      | Learned a level 2 spell: Searing Ray
  1124 | D:2      | Noticed Robin
  1375 | D:2      | Killed Robin
  1576 | D:2      | Reached XP level 4. HP: 33/33 MP: 8/10
  1581 | D:2      | Learned a level 4 spell: Iskenderun's Mystic Blast
  2849 | D:4      | Reached XP level 5. HP: 38/38 MP: 7/11
  2893 | D:4      | Found a runed translucent gate.
  2893 | D:4      | Found a runed translucent gate.
  2893 | D:4      | Found a runed translucent gate.
  2900 | D:4      | Noticed sirJeffrey23's ghost (amateur OgMo)
  2940 | D:4      | Found a runed translucent door.
  2941 | D:4      | Noticed Crazy Yiuf
  3093 | D:4      | Noticed an ogre
  3099 | D:4      | Killed an ogre
  3100 | D:4      | Reached skill level 5 in Conjurations
  3469 | D:4      | Reached XP level 6. HP: 26/45 MP: 9/13
  3590 | D:4      | Noticed Pargi
  3604 | D:4      | Killed Pargi
  3864 | D:4      | Noticed Ijyb
  3868 | D:4      | Killed Ijyb
  4066 | D:5      | Entered Level 5 of the Dungeon
  4183 | D:5      | Found a transporter.
  4184 | D:5      | Noticed a small abomination
  4192 | D:5      | Noticed Edmund
  4207 | D:5      | Killed Edmund
  4332 | D:5      | Reached XP level 7. HP: 50/50 MP: 7/15
  4561 | D:5      | Found a one-way gate to the infinite horrors of the Abyss.
  4561 | D:5      | Noticed an ancient zyme
  4561 | D:5      | Noticed testman's ghost (novice GnRe)
  4845 | D:5      | Found a transporter.
  4922 | D:5      | Reached skill level 6 in Conjurations
  5361 | D:5      | Reached skill level 5 in Translocations
  5909 | D:6      | Noticed Maggie
  5937 | D:6      | Killed Maggie
  5938 | D:6      | Reached skill level 1 in Fighting
  5938 | D:6      | Reached skill level 1 in Unarmed Combat
  5938 | D:6      | Reached XP level 8. HP: 11/59 MP: 7/17
  6180 | D:6      | Found Raupoyt's Assorted Antiques.
  6312 | D:6      | Bought a scroll labelled PYOQES YCAELI for 26 gold pieces
  6312 | D:6      | Bought a bubbling clear potion for 23 gold pieces
  6312 | D:6      | Bought a scroll labelled PYOQES YCAELI for 26 gold pieces
  6455 | D:6      | Reached skill level 7 in Conjurations
  6495 | D:6      | Found a staircase to the Ecumenical Temple.
  7689 | D:8      | Noticed Erica
  7742 | D:8      | Noticed a two-headed ogre
  7744 | D:8      | Paralysed by an orc for 4 turns
  7755 | D:8      | Killed a two-headed ogre
  7756 | D:8      | Reached XP level 9. HP: 56/68 MP: 2/19
  8172 | D:8      | Reached skill level 8 in Conjurations
  8252 | D:8      | Learned a level 2 spell: Blink
  8257 | D:8      | Learned a level 4 spell: Manifold Assault
  8590 | D:8      | Killed from afar by Erica

Illustrated notes

Levels and vault maps discovered:
D:1:      dpeg_arrival_arbitrary_b, layout_basic, minmay_misc_feat_room,
          hangedman_abyss_or_decor_lesser_grid
D:2:      layout_basic, hellmonk_ecumenical_altar_pennies_from_heaven,
          uniq_robin
D:3:      layout_rooms, grunt_ministairs_1
D:4:      layout_loops_ring, ebering_ghost_rock_garden, uniq_ijyb,
          uniq_crazy_yiuf_cottage, uniq_pargi
D:5:      layout_loops_cross, gammafunk_temple_overflow_wave,
          gammafunk_ghost_abyssal_escape, uniq_edmund
D:6:      layout_loops_ring, minmay_temple_entry_poolview, serial_shops,
          nicolae_shop_trees, uniq_maggie
D:7:      kennysheep_slugbush, layout_rooms
D:8:      layout_basic, uniq_erica

Skill      XL: |  1  2  3  4  5  6  7  8  9 |
---------------+----------------------------+-----
Translocations | 1 2 3 4 5 6 7 |  7.0
Spellcasting   | 2 3 4 |  4.8
Conjurations   | 4 5 6 7 8 |  8.0
Dodging        | 2 3 |  3.7
Fighting       | 1 2 |  2.9
Unarmed Combat | 1 2 3 |  3.4
Stealth        | |  1.7

Action                   |  1- 3 |  4- 6 |  7- 9 || total
-------------------------+-------+-------+-------++-------
Melee: Dagger            |    16 |     3 |    13 ||    32
       Unarmed           |       |       |    44 ||    44
 Cast: Magic Dart        |    86 |   101 |   115 ||   302
       Searing Ray       |     3 |    14 |    24 ||    41
       Iskenderun's Myst |       |       |    45 ||    45
Evoke: Wand              |       |       |     1 ||     1
  Use: Scroll            |     3 |     2 |     3 ||     8
       Potion            |     1 |       |     6 ||     7
Armor: Robe              |     9 |     5 |     2 ||    16
       Steam dragon scal |       |       |    21 ||    21
Dodge: Dodged            |    20 |    28 |    98 ||   146

Table legend: (Time is in decaauts)
 A = Elapsed time spent in this place.
 B = Non-inter-level travel time spent in this place.
 C = Inter-level travel time spent in this place.
 D = Time resting spent in this place.
 E = Time spent auto-exploring this place.
 F = Levels seen in this place.
 G = Mean time per level.
                   A        B        C        D        E       F      G
               +--------+--------+--------+--------+--------+-----+--------+
         Total |   8578 |   8255 |    323 |   1670 |   5365 |   8 | 1072.2 |
       Dungeon |   8578 |   8255 |    323 |   1670 |   5365 |   8 | 1072.2 |
               +--------+--------+--------+--------+--------+-----+--------+

Top non-repeatable levels by time:
     D:5: 1472 daAuts
     D:4: 1423 daAuts
     D:6: 1244 daAuts
     D:1: 1243 daAuts
     D:8: 1036 daAuts
     D:2: 834 daAuts
     D:3: 676 daAuts
     D:7: 647 daAuts
